cohdb
Replays
Latest Replays
All Replays
Popular Replays
Top Player Replays
Match Explorer
How It Works
Community
CoH3 Stats
Reddit
Sign in to upload your games and track your stats! →
Sign in with Steam
Match 41070220
Unlisted
Match 41070220
Overview
Messages
Build Orders
End
Vickers Machine Gun Team
Construct Section Command Post
Dingo Light Scout Car
Infantry Section
Infantry Section
Construct Platoon Command Post
Selects Canadian Shock Battlegroup
Humber Armored Car
Selects Attacking Spirit
Selects Canadian Shock Section
6-pounder Anti-tank Gun Team
Canadian Shock Section
6-pounder Anti-tank Gun Team
Selects Incendiary Munitions
CMP 15cwt Truck
Construct Company Command Post
Selects Pyrotechnics
Matilda II Heavy Tank
Forward Retreat Point
Matilda II Heavy Tank
Unlock Towed 17-pounder Anti-tank Guns
Selects Churchill Crocodile Heavy Tank
17-pounder Anti-tank Gun Team
Churchill Crocodile Heavy Tank
Royal Engineer Section
AI Takeover
Raiden
cheezuscrust445
Ashirvad Patel
The101stAirBorne ITA
BamboneWertherone ITA
Capibimbambombolilalone ITA
0
0
Comments
sign in to comment!
No comments posted yet!